| TOP OF THE 1ST |
|
Brockton Rox batting - Pitching for Chester Pirates : LHP Ben Buerck
|
|
Pitching: LHP Ben Buerck
|
|
|
Batting: RHB Jim Hubbard
|
0-0: Foul Ball, location: 2F 0-1: Fly out, F9 (Flyball, 9, EV 93.8 MPH)
|
|
Batting: RHB Ted Emmerich
|
0-0: Called Strike 0-1: Ball 1-1: Foul Ball, location: 2F 1-2: Ball 2-2: Ball 3-2: Reached on error, E6 (Groundball, 6M, EV 85.0 MPH)
|
|
Batting: LHB Danny Montoya
|
0-0: Ball 1-0: Foul Ball, location: 2F 1-1: SINGLE (Flyball, 8LS, EV 88.8 MPH) Ted Emmerich to third
|
|
Batting: RHB Sal Rivera
|
0-0: Swinging Strike 0-1: Called Strike 0-2: Strikes out looking
|
|
Batting: LHB Carlos Guerra
|
0-0: Fly out, F7 (Flyball, 7S, EV 87.5 MPH)
|
| Top of the 1st over - 0 runs, 1 hit, 1 error, 2 left on base; Brockton 0 - Chester 0 |
| BOTTOM OF THE 1ST |
|
Chester Pirates batting - Pitching for Brockton Rox : RHP Lukasha Sheigus
|
|
Pitching: RHP Lukasha Sheigus
|
|
|
Batting: RHB Terrence Wilson
|
0-0: Ball 1-0: Ball 2-0: Called Strike 2-1: Ground out 6-3 (Groundball, 6, EV 90.0 MPH)
|
|
Batting: RHB Tim Moore
|
0-0: Foul Ball, location: 2F 0-1: Foul Ball, location: 2F 0-2: Ball 1-2: Foul Ball, location: 2F 1-2: Strikes out looking
|
|
Batting: RHB Brandon White
|
0-0: Swinging Strike 0-1: Ball 1-1: Foul Ball, location: 2F 1-2: Strikes out swinging
|
| Bottom of the 1st over - 0 runs, 0 hits, 0 errors, 0 left on base; Brockton 0 - Chester 0 |
| TOP OF THE 2ND |
|
Brockton Rox batting - Pitching for Chester Pirates : LHP Ben Buerck
|
|
Batting: LHB John Buff
|
0-0: Foul Ball, location: 2F 0-1: Ball 1-1: Foul Ball, location: 2F 1-2: Ball 2-2: Ball 3-2: Strikes out swinging
|
|
Batting: RHB Alex Melendez
|
0-0: Fly out, F8 (Flyball, 8LD, EV 101.3 MPH)
|
|
Batting: RHB Josh Smith
|
0-0: Ball 1-0: Ball 2-0: Swinging Strike 2-1: Fly out, F7 (Line Drive, 7, EV 93.1 MPH)
|
| Top of the 2nd over - 0 runs, 0 hits, 0 errors, 0 left on base; Brockton 0 - Chester 0 |
| BOTTOM OF THE 2ND |
|
Chester Pirates batting - Pitching for Brockton Rox : RHP Lukasha Sheigus
|
|
Batting: LHB Carlos Vega
|
0-0: SINGLE (Flyball, 4D, EV 88.8 MPH)
|
|
Batting: RHB Zach Chmieleski
|
0-0: Fly out, F9 (Flyball, 9D, EV 105.6 MPH)
|
|
Batting: SHB Don Hauk
|
0-0: Ball 1-0: Foul Ball, location: 2F 1-1: Ball 2-1: Foul Ball, location: 2F 2-2: Foul Ball, location: 2F 2-2: Foul Ball, location: 2F 2-2: Strikes out swinging
|
|
Batting: RHB Jeff Edwards
|
0-0: Ball Carlos Vega steals 2nd base 1-0: Called Strike 1-1: Ball 2-1: Ball 3-1: Base on Balls
|
|
Batting: RHB Frank Elizondo
|
0-0: Called Strike 0-1: Foul Ball, location: 2F 0-2: Ball 1-2: Ball 2-2: SINGLE (Groundball, 4MD, EV 96.9 MPH) Carlos Vega to third Jeff Edwards to second Runner from 3rd tries for Home, SAFE, throw by CF to home
|
|
Batting: RHB Erik Mulligan
|
0-0: SINGLE (Groundball, 15S, EV 68.8 MPH) (infield hit) Jeff Edwards to third Frank Elizondo to second
|
|
Batting: RHB Terrence Wilson
|
0-0: Ball 1-0: Ball 2-0: Ball 3-0: Base on Balls Jeff Edwards scores Frank Elizondo to third Erik Mulligan to second
|
|
Batting: RHB Tim Moore
|
0-0: Foul Ball, location: 2F 0-1: Foul Ball, location: 2F 0-2: Strikes out looking
|
| Bottom of the 2nd over - 2 runs, 3 hits, 0 errors, 3 left on base; Brockton 0 - Chester 2 |
| TOP OF THE 3RD |
|
Brockton Rox batting - Pitching for Chester Pirates : LHP Ben Buerck
|
|
Batting: RHB Travis Campbell
|
0-0: Ball 1-0: Ground out 4-3 (Groundball, 4, EV 80.0 MPH)
|
|
Batting: RHB Jim Hubbard
|
0-0: Called Strike 0-1: Foul Ball, location: 2F 0-2: SINGLE (Groundball, 5L, EV 89.4 MPH) (infield hit)
|
|
Batting: RHB Ted Emmerich
|
0-0: Ball 1-0: Swinging Strike 1-1: Fielders Choice at 2nd, 4-6 (Groundball, 4M, EV 105.6 MPH)
|
|
Batting: LHB Danny Montoya
|
0-0: Ball 1-0: Foul Ball, location: 2F 1-1: Foul Ball, location: 2F 1-2: Ball 2-2: Strikes out swinging
|
| Top of the 3rd over - 0 runs, 1 hit, 0 errors, 1 left on base; Brockton 0 - Chester 2 |
| BOTTOM OF THE 3RD |
|
Chester Pirates batting - Pitching for Brockton Rox : RHP Lukasha Sheigus
|
|
Batting: RHB Brandon White
|
0-0: Fly out, F8 (Flyball, 8LS, EV 98.1 MPH)
|
|
Batting: LHB Carlos Vega
|
0-0: Foul Ball, location: 2F 0-1: Called Strike 0-2: Foul Ball, location: 2F 0-2: Foul Ball, location: 2F 0-2: Strikes out swinging
|
|
Batting: RHB Zach Chmieleski
|
0-0: Ball 1-0: Called Strike 1-1: Ball 2-1: Ball 3-1: Base on Balls
|
|
Batting: SHB Don Hauk
|
0-0: Ball 1-0: Ball 2-0: Ball 3-0: Called Strike 3-1: Base on Balls Zach Chmieleski to second
|
|
Batting: RHB Jeff Edwards
|
0-0: Ball 1-0: SINGLE (Groundball, 25, EV 68.1 MPH) (infield hit) Zach Chmieleski to third Don Hauk to second
|
|
Batting: RHB Frank Elizondo
|
0-0: Ball 1-0: Foul Ball, location: 2F 1-1: Foul Ball, location: 2F 1-2: Ball 2-2: Ball 3-2: Ground out 5-3 (Groundball, 5, EV 85.0 MPH)
|
| Bottom of the 3rd over - 0 runs, 1 hit, 0 errors, 3 left on base; Brockton 0 - Chester 2 |
| TOP OF THE 4TH |
|
Brockton Rox batting - Pitching for Chester Pirates : LHP Ben Buerck
|
|
Batting: RHB Sal Rivera
|
0-0: Swinging Strike 0-1: Swinging Strike 0-2: Ball 1-2: Foul Ball, location: 2F 1-2: Strikes out swinging
|
|
Batting: LHB Carlos Guerra
|
0-0: Ball 1-0: Swinging Strike 1-1: Called Strike 1-2: Strikes out swinging
|
|
Batting: LHB John Buff
|
0-0: Ball 1-0: SINGLE (Groundball, 6D, EV 101.9 MPH)
|
|
Batting: RHB Alex Melendez
|
0-0: Ball 1-0: Called Strike 1-1: Swinging Strike 1-2: Strikes out swinging
|
| Top of the 4th over - 0 runs, 1 hit, 0 errors, 1 left on base; Brockton 0 - Chester 2 |
| BOTTOM OF THE 4TH |
|
Chester Pirates batting - Pitching for Brockton Rox : RHP Lukasha Sheigus
|
|
Batting: RHB Erik Mulligan
|
0-0: SOLO HOME RUN (Flyball, 7LD, EV 95.0 MPH), Distance : 355 ft
|
|
Batting: RHB Terrence Wilson
|
0-0: SINGLE (Popup, 34D, EV 55.0 MPH)
|
|
Batting: RHB Tim Moore
|
0-0: Ground out 4-3 (Groundball, 34, EV 100.6 MPH) Terrence Wilson to second
|
|
Batting: RHB Brandon White
|
0-0: Ball 1-0: Ground out 5-3 (Groundball, 56S, EV 70.0 MPH) Terrence Wilson to third
|
|
Batting: LHB Carlos Vega
|
0-0: Called Strike 0-1: Ball 1-1: TRIPLE (Flyball, 9LD, EV 102.5 MPH) Terrence Wilson scores
|
|
Batting: RHB Zach Chmieleski
|
0-0: Swinging Strike 0-1: Ground out 5-3 (Groundball, 56, EV 88.8 MPH)
|
| Bottom of the 4th over - 2 runs, 3 hits, 0 errors, 1 left on base; Brockton 0 - Chester 4 |
| TOP OF THE 5TH |
|
Brockton Rox batting - Pitching for Chester Pirates : LHP Ben Buerck
|
|
Batting: RHB Josh Smith
|
0-0: Ball 1-0: Called Strike 1-1: Foul Ball, location: 2F 1-2: Ball 2-2: Fly out, F8 (Line Drive, 8RM, EV 90.6 MPH)
|
|
Batting: RHB Travis Campbell
|
0-0: Ball 1-0: SOLO HOME RUN (Flyball, 7D, EV 98.1 MPH), Distance : 384 ft
|
|
Batting: RHB Jim Hubbard
|
0-0: Foul Ball, location: 2F 0-1: Ball 1-1: Swinging Strike 1-2: Strikes out looking
|
|
Batting: RHB Ted Emmerich
|
0-0: Called Strike 0-1: Foul Ball, location: 2F 0-2: Ball 1-2: Ball 2-2: SINGLE (Groundball, 34D, EV 101.3 MPH)
|
|
Batting: LHB Danny Montoya
|
0-0: Called Strike 0-1: Called Strike 0-2: Ball 1-2: Ball 2-2: Ground out 4-3 (Groundball, 4, EV 90.6 MPH)
|
| Top of the 5th over - 1 run, 2 hits, 0 errors, 1 left on base; Brockton 1 - Chester 4 |
| BOTTOM OF THE 5TH |
|
Chester Pirates batting - Pitching for Brockton Rox : RHP Lukasha Sheigus
|
|
Batting: SHB Don Hauk
|
0-0: Reached on error, E6 (Groundball, P, EV 90.6 MPH)
|
|
Batting: RHB Jeff Edwards
|
0-0: Ball 1-0: Called Strike 1-1: SINGLE (Flyball, 34D, EV 81.3 MPH) Don Hauk to third
|
|
Batting: RHB Frank Elizondo
|
0-0: Fly out, F6 (Popup, 6M, EV 49.4 MPH)
|
|
Batting: RHB Erik Mulligan
|
0-0: Called Strike 0-1: Ball 1-1: Foul Ball, location: 2F 1-2: Fly out, F9 (Line Drive, 9, EV 105.6 MPH)
|
|
Pitching: RHP Nherbert Silivan
|
|
|
Batting: RHB Terrence Wilson
|
0-0: Ball 1-0: SINGLE (Line Drive, 8RS, EV 88.8 MPH) Don Hauk scores Jeff Edwards to second Runner from 2nd tries for 3rd, SAFE, no throw by CF
|
|
Batting: RHB Tim Moore
|
0-0: Foul Ball, location: 2F 0-1: Ground out 6-3 (Groundball, 56D, EV 86.9 MPH)
|
| Bottom of the 5th over - 1 run, 2 hits, 1 error, 2 left on base; Brockton 1 - Chester 5 |
| TOP OF THE 6TH |
|
Brockton Rox batting - Pitching for Chester Pirates : LHP Ben Buerck
|
|
Batting: RHB Sal Rivera
|
0-0: Foul Ball, location: 2F 0-1: Ball 1-1: Ball 2-1: Called Strike 2-2: Ball 3-2: Strikes out swinging
|
|
Batting: LHB Carlos Guerra
|
0-0: Swinging Strike 0-1: Ball 1-1: Ball 2-1: Foul Ball, location: 2F 2-2: SINGLE (Groundball, 6MD, EV 101.9 MPH)
|
|
Batting: LHB John Buff
|
0-0: Foul Ball, location: 2F 0-1: Ball 1-1: Ball 2-1: Ball 3-1: Foul Ball, location: 2F 3-2: Fielders Choice at 2nd, 4-6 (Groundball, 4, EV 77.5 MPH)
|
|
Batting: RHB Alex Melendez
|
0-0: Ball 1-0: Fly out, F7 (Flyball, 7, EV 92.5 MPH)
|
| Top of the 6th over - 0 runs, 1 hit, 0 errors, 1 left on base; Brockton 1 - Chester 5 |
| BOTTOM OF THE 6TH |
|
Chester Pirates batting - Pitching for Brockton Rox : RHP Nherbert Silivan
|
|
Batting: RHB Brandon White
|
0-0: Foul Ball, location: 2F 0-1: Ground out 4-3 (Groundball, 4, EV 105.6 MPH)
|
|
Batting: LHB Carlos Vega
|
0-0: Called Strike 0-1: Fly out, F6 (Popup, 6MS, EV 61.9 MPH)
|
|
Batting: RHB Zach Chmieleski
|
0-0: Ball 1-0: Ball 2-0: Called Strike 2-1: Fly out, F7 (Flyball, 78S, EV 91.3 MPH)
|
| Bottom of the 6th over - 0 runs, 0 hits, 0 errors, 0 left on base; Brockton 1 - Chester 5 |
| TOP OF THE 7TH |
|
Brockton Rox batting - Pitching for Chester Pirates : LHP Ben Buerck
|
|
Batting: RHB Josh Smith
|
0-0: Swinging Strike 0-1: Ball 1-1: Ball 2-1: Swinging Strike 2-2: Strikes out swinging
|
|
Batting: RHB Travis Campbell
|
0-0: Called Strike 0-1: Ball 1-1: Ball 2-1: Ball 3-1: Base on Balls
|
|
Batting: RHB Jim Hubbard
|
0-0: Called Strike 0-1: Fly out, F8 (Flyball, 8RM, EV 93.8 MPH)
|
|
Pitching: RHP Fred McIlrath
|
|
|
Batting: RHB Ted Emmerich
|
0-0: Swinging Strike 0-1: Ball 1-1: Foul Ball, location: 2F 1-2: Strikes out swinging
|
| Top of the 7th over - 0 runs, 0 hits, 0 errors, 1 left on base; Brockton 1 - Chester 5 |
| BOTTOM OF THE 7TH |
|
Chester Pirates batting - Pitching for Brockton Rox : RHP Nherbert Silivan
|
|
Batting: SHB Don Hauk
|
0-0: Called Strike 0-1: Foul Ball, location: 2F 0-2: Foul Ball, location: 2F 0-2: Ball 1-2: Foul Ball, location: 2F 1-2: Ground out 6-3 (Groundball, 6M, EV 94.4 MPH)
|
|
Batting: RHB Jeff Edwards
|
0-0: Ball 1-0: Called Strike 1-1: Called Strike 1-2: Ball 2-2: Ball 3-2: Ground out 5-3 (Groundball, 56S, EV 78.8 MPH)
|
|
Batting: RHB Frank Elizondo
|
0-0: Foul Ball, location: 2F 0-1: SINGLE (Line Drive, 34D, EV 95.6 MPH)
|
|
Batting: RHB Erik Mulligan
|
0-0: Ground out 6-3 (Groundball, 6M, EV 105.0 MPH)
|
| Bottom of the 7th over - 0 runs, 1 hit, 0 errors, 1 left on base; Brockton 1 - Chester 5 |
| TOP OF THE 8TH |
|
Brockton Rox batting - Pitching for Chester Pirates : RHP Fred McIlrath
|
|
Batting: LHB Danny Montoya
|
0-0: Ball 1-0: Swinging Strike 1-1: Swinging Strike 1-2: Ball 2-2: Foul Ball, location: 2F 2-2: Foul Ball, location: 2F 2-2: Ball 3-2: Ground out 6-3 (Groundball, 6S, EV 90.0 MPH)
|
|
Batting: RHB Sal Rivera
|
0-0: Ball 1-0: Fly out, F9 (Flyball, 9, EV 80.0 MPH)
|
|
Batting: LHB Carlos Guerra
|
0-0: Called Strike 0-1: Called Strike 0-2: Strikes out swinging
|
| Top of the 8th over - 0 runs, 0 hits, 0 errors, 0 left on base; Brockton 1 - Chester 5 |
| BOTTOM OF THE 8TH |
|
Chester Pirates batting - Pitching for Brockton Rox : RHP Nherbert Silivan
|
|
Pitching: LHP Jon Convery
|
|
|
Batting: RHB Terrence Wilson
|
0-0: Ball 1-0: Swinging Strike 1-1: Foul Ball, location: 2F 1-2: Foul Ball, location: 2F 1-2: Strikes out swinging
|
|
Batting: RHB Tim Moore
|
0-0: Ball 1-0: Ball 2-0: Ground out 4-3 (Groundball, 4M, EV 101.3 MPH)
|
|
Batting: RHB Brandon White
|
0-0: Ball 1-0: Foul Ball, location: 2F 1-1: Swinging Strike 1-2: Strikes out swinging
|
| Bottom of the 8th over - 0 runs, 0 hits, 0 errors, 0 left on base; Brockton 1 - Chester 5 |
| TOP OF THE 9TH |
|
Brockton Rox batting - Pitching for Chester Pirates : RHP Fred McIlrath
|
|
Pitching: RHP Steve Kane
|
|
|
Batting: LHB John Buff
|
0-0: Ball 1-0: Called Strike 1-1: Ball 2-1: Foul Ball, location: 2F 2-2: Foul Ball, location: 2F 2-2: Strikes out swinging
|
|
Batting: RHB Alex Melendez
|
0-0: Fly out, F8 (Flyball, 89D, EV 101.9 MPH)
|
|
Batting: RHB Josh Smith
|
0-0: Ball 1-0: Swinging Strike 1-1: Ball 2-1: Called Strike 2-2: Foul Ball, location: 2F 2-2: Ball 3-2: Strikes out swinging
|
| Top of the 9th over - 0 runs, 0 hits, 0 errors, 0 left on base; Brockton 1 - Chester 5 |
|